 Dungeon Crawl Stone Soup version 0.29-a0-8-g0446c0dae4 (webtiles) character file.

Game seed: 5946623794017119900

947 croobank the Covert (level 7, 0/46 (50) HPs)
             Began as a Pale Draconian Fire Elementalist on Jan 27, 2022.
             Was an Initiate of Vehumet.
             Slain by bronco's ghost (11 damage)
             ... on level 4 of the Dungeon.
             The game lasted 00:17:53 (4355 turns).

croobank the Covert (DrFE)                          Turns: 4355, Time: 00:17:54

HP:   0/46 (50)     AC:  7    Str: 10    XL:     7   Next: 89%
MP:   9/15          EV: 13    Int: 18    God:    Vehumet [......]
Gold: 224           SH:  0    Dex: 11    Spells: 10/17 levels left

rFire   . . .      SeeInvis .   b - +3 short sword (venom)
rCold   . . .      Faith    .   (no shield)
rNeg    . . .      Spirit   .   (armour unavailable)
rPois   .          Reflect  .   (helmet restricted)
rElec   .          Harm     .   q - scarf {+Inv}
rCorr   .          Rampage  .   g - +0 pair of gloves
Will    .....                   (no boots)
Stlth   ++++......              (no amulet)
HPRegen 0.15/turn               (no ring)
MPRegen 0.14/turn               (no ring)

@: short of breath, drained
A: breathe steam, AC +6, unfitting armour, cold-blooded, steam resistance
a: Breathe Steam, Renounce Religion, Evoke Invisibility


You were on level 4 of the Dungeon.
You worshipped Vehumet.
Vehumet was noncommittal.
You visited 2 branches of the dungeon, and saw 5 of its levels.

You collected 224 gold pieces.

Inventory:

Hand Weapons
 b - a +3 short sword of venom (weapon)
 e - a +3 dagger of speed
 k - a +2 dagger of venom
Missiles
 a - 50 bolts
 h - 127 stones
 i - 44 arrows
 j - 2 poisoned darts
Armour
 d - a +0 cloak
 g - a +0 pair of gloves (worn)
 q - a scarf of invisibility (worn)
Magical Staves
 f - a staff of death
 n - a staff of earth
Wands
 o - a wand of charming (8)
Scrolls
 c - 2 scrolls of teleportation
 l - 3 scrolls of silence
 m - 2 scrolls of noise {unknown}
 s - a scroll of vulnerability {unknown}
Potions
 p - a potion of attraction {unknown}
 r - a potion of degeneration {unknown}
 t - a potion of curing


   Skills:
 + Level 5.6 Dodging
 + Level 8.0 Stealth
 + Level 5.6 Spellcasting
 + Level 6.0 Conjurations
 + Level 7.5 Fire Magic


You had 10 spell levels left.
You knew the following spells:

 Your Spells              Type           Power      Damage    Failure   Level
a - Foxfire               Conj/Fire      100%       2x1d9     1%          1
b - Scorch                Fire           64%        2d8       1%          2
c - Flame Wave            Conj/Fire      29%        2d8       8%          4

Your spell library contained the following spells:

 Spells                   Type           Power      Damage    Failure   Level
 Conjure Flame            Conj/Fire      29%        6-21      2%          3
 Inner Flame              Hex/Fire       18%        N/A       8%          3
 Stone Arrow              Conj/Erth      32%        3d9       11%         3
 Sandblast                Erth           10%        2d5       12%         1
 Passwall                 Tmut/Erth      4%         N/A       19%         2
 Sublimation of Blood     Necr           5%         N/A       19%         2
 Frozen Ramparts          Ice            10%        1d3       36%         3
 Irradiate                Conj/Tmut      8%         3d16      69%         5
 Animate Dead             Necr           2%         N/A       77%         4
 Ice Form                 Ice/Tmut       5%         N/A       77%         4
 Petrify                  Tmut/Erth      5%         N/A       77%         4
 Summon Ice Beast         Ice/Summ       5%         N/A       77%         4
 Haunt                    Necr/Summ      2%         N/A       100%        7
 Infestation              Necr           2%         N/A       100%        8


Dungeon Overview and Level Annotations

Branches:
Dungeon (4/15)             Temple (1/1) D:4

Altars:
Ashenzari
Dithmenos
Elyvilon
Gozag
Qazlal
Ru
Sif Muna
Trog
Uskayaw
Vehumet
Yredelemnul
Zin
Jiyva

Annotations:
D:4 bronco's ghost, novice GnCK


Innate Abilities, Weirdness & Mutations

You can breathe blasts of scalding, opaque steam.
Your pale cyan-grey scales are hard. (AC +6)
You cannot fit into any form of body armour.
You are cold-blooded and may be slowed by cold attacks.
You are immune to the effects of steam.


Message History

You hit bronco's ghost but do no damage.
Bronco's ghost is heavily damaged.
You have got your breath back.
Bronco's ghost hits you.
You closely miss bronco's ghost. You tail-slap bronco's ghost.
Bronco's ghost is heavily damaged.
Bronco's ghost hits you!
* * * LOW HITPOINT WARNING * * *
Aiming: Breathe Steam (1% risk of failure)
Press: ? - help, Shift-Dir - straight line, f - bronco's ghost
Aim: bronco's ghost (heavily damaged, more vulnerable to fire, 75% to hit)
You exhale a blast of scalding steam.
The ball of steam hits bronco's ghost.
Bronco's ghost is heavily damaged.
Bronco's ghost barely misses you.
You barely miss bronco's ghost. You tail-slap bronco's ghost.
Bronco's ghost is heavily damaged.
Bronco's ghost is engulfed in a cloud of scalding steam.
Bronco's ghost hits you!
* * * LOW HITPOINT WARNING * * *
You have got your breath back.
Bronco's ghost is no longer more vulnerable to fire.
You see here a +0 mace.
Aiming: Breathe Steam (1% risk of failure)
Press: ? - help, Shift-Dir - straight line, f/p - bronco's ghost
Aim: bronco's ghost (heavily damaged, 75% to hit)
You exhale a blast of scalding steam.
The ball of steam hits bronco's ghost.
Bronco's ghost is severely damaged.
Bronco's ghost is engulfed in a cloud of scalding steam.
Bronco's ghost whispers, "You will understand me better in a moment."
Bronco's ghost closely misses you.
You have got your breath back.
Aiming: Breathe Steam (1% risk of failure)
Press: ? - help, Shift-Dir - straight line, f/p - bronco's ghost
Aim: bronco's ghost (heavily damaged, 75% to hit)
You exhale a blast of scalding steam.
The ball of steam hits bronco's ghost but does no damage.
Bronco's ghost is heavily damaged.
Bronco's ghost is engulfed in a cloud of scalding steam.
Bronco's ghost hits you!
You die...

#...#........#
#.#...######.# #
#######.##.#....<..#
#
#............#####.#
#
#.#####.##...<.....#
# #.# #.#########..#
# #.# #ยง# #..# #.#
#W# #..##### #.##
#@#########.......
#..#
#............#####
##.#####...).......#
#
###.#...............#
#
#.....###.#####.#.#.#
# #.#.### #.# #.....#
# #.#.# #.# ###.### #
#.#.# #.# #.# # #.#.#
#.# #.# #


You could see bronco's ghost.

Vanquished Creatures
  An orc warrior (D:3)
  A bullfrog (D:4)
  A scorpion (D:3)
  A howler monkey (D:4)
  An orc priest (D:3)
  An iguana (D:2)
  3 orc wizards (D:3)
  Robin (D:2)
  3 gnolls (D:2)
  9 adders
  An adder skeleton (D:4)
  2 worms
  2 dart slugs
  11 orcs
  6 endoplasms
  3 giant cockroaches
  16 goblins
  3 hobgoblins
  6 kobolds
  2 quokkas
  6 ball pythons
  5 bats
  2 frilled lizards
  3 rats
90 creatures vanquished.

Vanquished Creatures (others)
  114 foxfires
114 creatures vanquished.

Grand Total: 204 creatures vanquished

Notes
Turn   | Place    | Note
-------+----------+-------------------------------------------
     0 | D:1      | croobank the Draconian Fire Elementalist began the quest
                  | for the Orb.
     0 | D:1      | Reached XP level 1. HP: 14/14 MP: 3/3
   355 | D:1      | Reached skill level 2 in Stealth
   355 | D:1      | Reached XP level 2. HP: 20/20 MP: 3/5
   359 | D:1      | Learned a level 2 spell: Scorch
   798 | D:2      | Reached XP level 3. HP: 26/26 MP: 1/6
  1105 | D:2      | Reached XP level 4. HP: 28/33 MP: 1/7
  1381 | D:2      | Learned a level 4 spell: Flame Wave
  1459 | D:2      | Noticed Robin
  1473 | D:2      | Killed Robin
  1494 | D:2      | Reached XP level 5. HP: 22/38 MP: 3/9
  1794 | D:2      | Found a faded altar of an unknown god.
  2246 | D:3      | Reached skill level 3 in Stealth
  2407 | D:3      | Reached XP level 6. HP: 45/45 MP: 5/10
  2790 | D:3      | Found an opulent altar of Gozag.
  2980 | D:4      | Noticed an orc warrior
  3043 | D:3      | HP: 1/45 [orc warrior (10)]
  3049 | D:3      | HP: 1/45 [something/magic dart (1)]
  3050 | D:3      | Reached skill level 5 in Dodging
  3050 | D:3      | Reached skill level 7 in Stealth
  3050 | D:3      | Reached skill level 5 in Spellcasting
  3050 | D:3      | Reached skill level 5 in Conjurations
  3050 | D:3      | Your scales start taking on a pale cyan-grey colour.
  3050 | D:3      | Reached XP level 7. HP: 1/50 MP: 1/15
  3050 | D:3      | Gained mutation: You are immune to the effects of steam.
                  | [Pale Draconian growth]
  3057 | D:3      | Reached skill level 8 in Stealth
  3437 | D:4      | Found a runed translucent door.
  3437 | D:4      | Noticed bronco's ghost (novice GnCK)
  3454 | D:4      | Found a staircase to the Ecumenical Temple.
  3483 | Temple   | Entered the Ecumenical Temple
  3662 | Temple   | Became a worshipper of Vehumet
  4295 | D:4      | HP: 2/46 [bronco's ghost (8)]
  4355 | D:4      | Slain by bronco's ghost

Illustrated notes

Levels and vault maps discovered:
D:1:      scummos_arrival_star, layout_rooms
D:2:      layout_basic, basic_ecumenical_altar, corexii_corridor_pit,
          lightli_corner_chamber, uniq_robin
D:3:      layout_loops_cross, grunt_gozag_statues
D:4:      layout_loops_ring, minmay_temple_entry_offerings,
          ebering_ghost_inner_flame
Temple:   pf_slime_end_temple

Skill      XL: |  1  2  3  4  5  6  7 |
---------------+----------------------+-----
Stealth        | 2 3 7 8 |  8.0
Dodging        | 2 3 5 |  5.6
Conjurations   | 2 5 6 |  6.0
Spellcasting   | 3 5 |  5.6
Fire Magic     | 4 7 |  7.5

Action                   |  1- 3 |  4- 6 |  7- 9 || total
-------------------------+-------+-------+-------++-------
Melee: Unarmed           |    13 |       |       ||    13
       Tailslap          |     4 |     5 |     4 ||    13
       Dagger            |    11 |    24 |       ||    35
       Punch             |     1 |       |       ||     1
       Short sword       |       |    21 |     8 ||    29
 Cast: Foxfire           |    29 |    35 |     5 ||    69
       Scorch            |     5 |    28 |     8 ||    41
       Flame Wave        |       |       |     2 ||     2
 Abil: Breathe Steam     |       |       |     5 ||     5
  Use: Scroll            |     3 |     4 |     1 ||     8
       Potion            |       |     2 |     1 ||     3
 Stab: Sleeping          |       |     1 |       ||     1
Armor: Skin              |     5 |    26 |     8 ||    39
Dodge: Dodged            |    29 |    34 |    19 ||    82

Table legend: (Time is in decaauts)
 A = Elapsed time spent in this place.
 B = Non-inter-level travel time spent in this place.
 C = Inter-level travel time spent in this place.
 D = Time resting spent in this place.
 E = Time spent auto-exploring this place.
 F = Levels seen in this place.
 G = Mean time per level.
                   A        B        C        D        E       F      G
               +--------+--------+--------+--------+--------+-----+--------+
         Total |   4354 |   4238 |    116 |    380 |   2982 |   5 |  870.8 |
       Dungeon |   4157 |   4077 |     80 |    380 |   2850 |   4 | 1039.2 |
        Temple |    196 |    160 |     36 |      0 |    132 |   1 |  196.0 |
               +--------+--------+--------+--------+--------+-----+--------+

Top non-repeatable levels by time:
     D:2: 1294 daAuts
     D:3: 1223 daAuts
     D:4: 862 daAuts
     D:1: 777 daAuts
  Temple: 196 daAuts
